 Dungeon Crawl Stone Soup version 0.17-a0-1078-g243345b (webtiles) character file.

486 tombR the Frost Mage (level 7, -8/46 HPs)
             Began as a Merfolk Ice Elementalist on May 19, 2015.
             Shot with an arrow by a centaur (10 damage)
             ... on level 5 of the Dungeon.
             The game lasted 00:51:46 (5607 turns).

tombR the Frost Mage (Merfolk Ice Elementalist)     Turns: 5607, Time: 00:51:47

Health: -8/46      AC:  8    Str:  8    XL:     7   Next: 13%
Magic:  6/10       EV: 13    Int: 15    God:
Gold:   142        SH:  0    Dex: 16    Spells: 3 memorised, 4 levels left

rFire  . . .     SeeInvis .     g - +2 dagger (protect)
rCold  . . .     Clarity  .     a - +1 robe
rNeg   . . .     SustAb   .     (no shield)
rPois  +         Gourm    .     (no helmet)
rElec  .         Spirit   .     (no cloak)
rCorr  .         Warding  .     (no gloves)
rMut   .         Stasis   .     (no boots)
MR     .....                    (no amulet)
Stlth  ++........               (no ring)
                                u - ring of poison resistance

@: very slightly contaminated, drained, not resistant to hostile enchantments,
unstealthy
A: change form in water, swift swim
a: no special abilities


You were on level 5 of the Dungeon.
You were not hungry.

You visited 1 branch of the dungeon, and saw 5 of its levels.

You collected 142 gold pieces.

Inventory:

Hand weapons
 g - a +2 dagger of protection (weapon)
 I - a +0 glaive
Missiles
 y - 3 javelins of returning (quivered)
Armour
 a - a +1 robe (worn)
Jewellery
 o - an uncursed amulet of rage
 u - a ring of poison resistance (left hand)
Scrolls
 e - 2 scrolls of magic mapping {unknown}
 h - a scroll of teleportation {unknown}
 j - 2 scrolls of blinking
 k - 5 scrolls of identify
 m - a scroll of fog {unknown}
 n - a scroll of enchant weapon {unknown}
 q - 2 scrolls of enchant armour
 v - 2 scrolls of remove curse
 w - a scroll of fear {unknown}
 E - a scroll of amnesia {unknown}
 F - a scroll of recharging {unknown}
 K - a scroll of immolation {unknown}
Potions
 d - a potion of resistance
 f - a potion of magic {unknown}
 i - a potion of mutation {unknown}
 l - a potion of brilliance {unknown}
 r - a potion of beneficial mutation {unknown}
 s - a potion of ambrosia {unknown}
 t - 2 potions of might {unknown}
 x - a potion of lignification {unknown}
 z - a potion of heal wounds {unknown}
 A - a potion of flight {unknown}
 B - 2 potions of agility {unknown}
Books
 b - a book of Frost

   Spells                             Type                      Level
   a - Freeze                         Ice                          1
   b - Throw Frost                    Conjuration/Ice              2
   c - Ozocubu's Armour               Charms/Ice                   3
   d - Throw Icicle                   Conjuration/Ice              4
   e - Summon Ice Beast               Ice/Summoning                4
   f - Condensation Shield            Ice                          4
 D - a book of Beasts

   Spells                             Type                      Level
   a - Summon Butterflies             Summoning                    1
   b - Call Canine Familiar           Summoning                    3
   c - Summon Ice Beast               Ice/Summoning                4
   d - Summon Mana Viper              Hexes/Summoning              5
   e - Summon Hydra                   Summoning                    7
 L - a book of Clouds

   Spells                             Type                      Level
   a - Mephitic Cloud                 Conjuration/Poison/Air       3
   b - Conjure Flame                  Conjuration/Fire             3
   c - Poisonous Cloud                Conjuration/Poison/Air       6
   d - Freezing Cloud                 Conjuration/Ice/Air          6
   e - Ring of Flames                 Charms/Fire                  7
Comestibles
 c - 3 bread rations
 p - 4 meat rations
 C - 3 fruits
 G - a slice of pizza
 H - 2 beef jerkies


   Skills:
 - Level 2.6 Dodging
 - Level 2.1 Stealth
 + Level 2.0(1.9) Spellcasting
 - Level 1.0 Conjurations
 - Level 1.2(1.1) Charms
 + Level 8.4(8.3) Ice Magic


You had 4 spell levels left.
You knew the following spells:

 Your Spells              Type           Power        Failure   Level  Hunger
a - Freeze                Ice            ####         1%          1    ##.....
b - Throw Frost           Conj/Ice       ###...       6%          2    ###....
c - Ozocubu's Armour      Chrm/Ice       ###.....     12%         3    ####...


Dungeon Overview and Level Annotations

Branches:
Dungeon (5/15)
 Temple: D:4-7

Altars:
Cheibriados

Shops:
D:4 }

Annotations:
D:2 Sigmund


Message History

The centaur shoots an arrow.
The arrow hits you!
You see here an arrow.
The centaur shoots an arrow.
The arrow hits you but does no damage.
You see here an arrow.
The centaur shoots an arrow.
The arrow completely misses you.
All of the chunks of flesh in your inventory have rotted away.
You see here an arrow.
The centaur shoots an arrow.
The arrow misses you.
The centaur shoots an arrow.
The arrow hits you.
You see here an arrow.
The centaur shoots an arrow.
The arrow hits you but does no damage.
Things that are here:
an arrow; a scale mail The centaur shoots an arrow.
The arrow hits you!
* * * LOW HITPOINT WARNING * * *
You see here an arrow.
The centaur shoots an arrow.
The arrow hits you!
* * * LOW HITPOINT WARNING * * *
The centaur shoots an arrow.
The arrow hits you!
You die...

#.(.......+>....))#
#(##c...###.......#
#.###...##........#
#.# #...##........#
#.# +...+..###'####
######c#
#(..######.#
#((....#
#(.........#
#c######
#(.#.####### #.#
#@(#.# #.# ##.#.#
..# ..#.# ..# ###.#
[.Y. ..# ...# ###
....#


You could see a centaur.

Vanquished Creatures
  Eustachio (D:4)
  A hound (D:4)
  2 orc priests
  A worker ant (D:4)
  3 orc wizards
  3 adders
  An adder skeleton (D:4)
  4 worms
  5 giant geckos
  11 orcs
  10 bats
  5 giant cockroaches
  7 goblins
  10 hobgoblins
  2 jackals (D:4)
  9 kobolds
  4 quokkas
  A ball python (D:2)
  5 giant newts
  12 rats
97 creatures vanquished.

Notes
Turn   | Place    | Note
--------------------------------------------------------------
     0 | D:1      | tombR the Merfolk Ice Elementalist began the quest for the Orb.
     0 | D:1      | Reached XP level 1. HP: 13/13 MP: 3/3
   271 | D:1      | Reached XP level 2. HP: 14/19 MP: 0/5
   429 | D:1      | Learned a level 2 spell: Throw Frost
   452 | D:1      | Reached skill level 4 in Ice Magic
  1111 | D:2      | Reached XP level 3. HP: 24/24 MP: 1/6
  1288 | D:2      | Reached skill level 5 in Ice Magic
  1346 | D:2      | Found a snail-covered altar of Cheibriados.
  1716 | D:2      | Reached XP level 4. HP: 28/30 MP: 7/7
  1808 | D:2      | Noticed Sigmund
  1888 | D:3      | Learned a level 3 spell: Ozocubu's Armour
  2371 | D:3      | Reached skill level 1 in Conjurations
  3415 | D:4      | Reached skill level 1 in Charms
  3415 | D:4      | Reached XP level 5. HP: 28/35 MP: 3/8
  3543 | D:4      | Reached skill level 6 in Ice Magic
  3788 | D:4      | Noticed Eustachio
  3828 | D:4      | Killed Eustachio
  3828 | D:4      | Reached skill level 7 in Ice Magic
  3828 | D:4      | Reached XP level 6. HP: 26/41 MP: 1/9
  4478 | D:4      | Found Vicwidill's Gadget Shop.
  4827 | D:5      | Entered Level 5 of the Dungeon
  5338 | D:5      | Reached skill level 8 in Ice Magic
  5358 | D:5      | Reached XP level 7. HP: 25/46 MP: 1/10
  5607 | D:5      | HP: 2/46 [centaur/arrow (8)]
  5607 | D:5      | Shot with an arrow by a centaur

Vault maps used:
D:1:      minmay_arrival_jagged
D:2:      old_standard_altar, minmay_misc_feat_columns, uniq_sigmund
D:4:      serial_shops, shop, uniq_eustachio
D:5:      first_bread

Action                   |  1- 3 |  4- 6 |  7- 9 || total
-------------------------+-------+-------+-------++-------
Melee: Unarmed           |     7 |       |       ||     7
       Dagger            |    54 |   100 |     5 ||   159
       Short sword       |       |    26 |       ||    26
Throw: Javelin           |    15 |    18 |     1 ||    34
 Cast: Freeze            |    27 |    62 |     4 ||    93
       Ozocubu's Armour  |       |     7 |       ||     7
       Throw Frost       |       |     5 |     2 ||     7
  Use: Scroll            |       |     5 |       ||     5
 Stab: Sleeping          |     3 |     5 |       ||     8
       Distracted        |       |     1 |       ||     1
  Eat: Chunk             |     2 |    13 |     1 ||    16
       Fruit             |       |     2 |       ||     2
